Workbook

Sheet Sozialversichungspfl. Besch.
B1: Dieses Kalkulationsdatenblatt ist zwingend mit dem Angebot abzugeben!
A2: Ausschreibung: 25-2026-00363 | E2: KIZ 129
A3: Bieter: | F3: Datum:
A4: Stundenverrechnungssatz Gebäudereinigung Sozialversicherungspflichtig Beschäftigte
A5: 1. Fertigungslohn pro Stunde Mindestlohn | F5: 1
A6: 2. Lohngebundene Kosten
A7: 2.1 Lohnfolgekosten (Soziallöhne)
A8: 2.1 a) Urlaub | H8: =$H$5*F8 -> 0
A9: 2.1 ab) Sozialversicherung Urlaub | H9: =$H$5*F9 -> 0
A10: 2.1 b) Zusätzliches Urlaubsgeld | H10: =$H$5*F10 -> 0
A11: 2.1 bb) Sozialversicherung auf zusätzl. Urlaubsgeld | H11: =$H$5*F11 -> 0
A12: 2.1 c) Gesetzliche Feiertage | H12: =$H$5*F12 -> 0
A13: 2.1 cc) Sozialversicherung auf Feiertage | H13: =$H$5*F13 -> 0
A14: 2.1 d) Gesetzliche Lohnfortzahlung im Krankheitsfall | H14: =$H$5*F14 -> 0
A15: 2.1 dd) Sozialversicherung auf Lohnfortzahlung | H15: =$H$5*F15 -> 0
A16: 2.1 e) Tarifliche Ausfallzeiten | H16: =$H$5*F16 -> 0
A17: 2.1.ee) Sozialversicherung auf Ausfallzeiten | H17: =$H$5*F17 -> 0
A18: Zwischensumme Soziallöhne | F18: =SUM(F8:F17) -> 0 | H18: =SUM(H8:I17) -> 0
A19: 2.2 Sozialversicherung Arbeitgeberanteil
A20: 2.2 a i) Rentenversicherung | H20: =$H$5*F20 -> 0
A21: 2.2 b i Krankenversicherung | H21: =$H$5*F21 -> 0
A22: 2.2 b ii) Zusatzbeitrag Krankenversicherung (Durchschnitt) | H22: =$H$5*F22 -> 0
A23: 2.2 c i) Arbeitslosenversicherung | H23: =$H$5*F23 -> 0
A24: 2.2 d i) Pflegeversicherung | H24: =$H$5*F24 -> 0
A25: 2.2 e i) Umlage U2 Krankenversicherung Mutterschaft | H25: =$H$5*F25 -> 0
A26: 2.2 f i) Insolvenzgeldumlage | H26: =$H$5*F26 -> 0
A27: 2.2 g i) Gesetzliche Unfallversicherung | H27: =$H$5*F27 -> 0
A28: Zwischensumme Sozialversicherung | F28: =SUM(F20:G27) -> 0 | H28: =SUM(H20:I27) -> 0
A29: 2.3) Zusätzliche auftragsbezogene, Lohngebundene Kosten
A30: 2.3 Betriebshaftpflichtversicherung | H30: =$H$5*F30 -> 0
A31: 2.4 Aufsichtslohn Vorarbeiter inkl. soziale Folgekosten | H31: =$H$5*F31 -> 0
A32: 2.5 Sonstige Personalkosten (Arbeitskleidung etc.) | H32: =$H$5*F32 -> 0
A33: Summe Zusätzliche auftragsbezogene, Lohngebundene Kosten | F33: =SUM(F30:G32) -> 0 | H33: =H18+H28+SUM(H30:I32) -> 0
A35: 3. Sonstige auftragsbezogene Kosten
A36: 3.1 a) Objektleiter inkl. soziale Folgekosten | H36: =$H$5*F36 -> 0
A37: 3.1 b) Betriebsleiter inkl. soziale Folgekosten | H37: =$H$5*F37 -> 0
A38: 3.2) Fahrtkostenzuschuss | H38: =$H$5*F38 -> 0
A39: 3.3 Reinigungsmittel, Kleinmaterial | H39: =$H$5*F39 -> 0
A40: 3.4 Sondereinzelkosten Mopwäsche | H40: =$H$5*F40 -> 0
A41: 3.5 Maschinen und Geräte (AFA, Wartung, Betriebskosten) | H41: =$H$5*F41 -> 0
A42: 3.6 Kosten Schulung /Einarbeitung | H42: =$H$5*F42 -> 0
A43: 3.7 Qualitätssicherung / - managment | H43: =$H$5*F43 -> 0
A44: Zwischensumme So. Auftragsbezogene Kosten | F44: =SUM(F36:G43) -> 0 | H44: =SUM(H36:I43) -> 0
A46: 4. Unternehmensbezogene Kosten
A47: 4.1 Technische Angestellte incl. Lohnfolgekosten | H47: =$H$5*F47 -> 0
A48: 4.2. Kaufmännische Angestelle, incl. Lohnfolgekosten | H48: =$H$5*F48 -> 0
A49: 4.3 Fuhrparkkosten | H49: =$H$5*F49 -> 0
A50: 4.4 Verwaltungskosten (Miete, Telefon usw.) | H50: =$H$5*F50 -> 0
A51: 4.5 Schwerbehindertenabgabe | H51: =$H$5*F51 -> 0
A52: 4.6 Betriebsratskosten | H52: =$H$5*F52 -> 0
A53: 4.7 sonstige Kosten (Verbandsbeiträge, Zertifizierungen) | H53: =$H$5*F53 -> 0
A54: 4.8 Vorfinanzierung Sozialversicherungsbeiträge | H54: =$H$5*F54 -> 0
A55: Zwischensumme Unternehmensbezogene Kosten | F55: =SUM(F47:G54) -> 0 | H55: =SUM(H47:I54) -> 0
A58: 5. Selbstkosten (Summe 1-4) | F58: =F5+F18+F28+F33+F44+F55 -> 1 | H58: =H5+H33+H44+H55 -> 0
A60: 5.1 Gewerbesteuer | H60: =$H$5*F60 -> 0
A61: 6. Gewinn und Steuern | H61: =$H$5*F61 -> 0
A64: Kalkulationszuschlag (Unternehmenszuschlag auf Fertigungslohn) | F64: =F58+F60+F61 -> 1 | H64: =H5*(F58+F60+F61)-H5 -> 0
A65: Stundenverrechnungssatz | F65: =H5+H64 -> 0 | H65: =H5+H64 -> 0
A66: Anteil sozialversicherungspflichtiger Beschäftigte:
K67: Prüfung Summe 100%
K68: =IF((G66+'Midi Beschäftigte'!H68+'Geringfügig Beschäftigte'!H66)<>1,"Fehler: Summe ist nicht 100%","Summe ist korrekt") -> Fehler: Summe ist nicht 100%
A69: Resultierender Stundenverrechnungssatz | H69: =SUM(F65*G66+'Geringfügig Beschäftigte'!F65*'Geringfügig Beschäftigte'!H66+'Midi Beschäftigte'!H67*'Midi Beschäftigte'!H68) -> 0
A70: Sozialversicherungspflichtigte Beschäftigte, Midi Beschäftigte und Geringfügig Beschäftigte (Mischsatz)
A71: Dieser resultierender Stundenverrechnungssatz ist im Leistungsverzeichnis unter "Fragebogen 1: Mittellohn" einzutragen
A72: Stand 10_23

Sheet Midi Beschäftigte
B1: Dieses Kalkulationsdatenblatt ist zwingend mit dem Angebot abzugeben!
A2: ='Sozialversichungspfl. Besch.'!A2 -> Ausschreibung: 25-2026-00363 | E2: ='Sozialversichungspfl. Besch.'!E2 -> KIZ 129
A3: Bieter: | F3: Datum:
A5: Durchschnittliche tägliche Arbeitszeit Midijob (Gleitzone) | E5: 0
A6: Stundenverrechnungssatz Gebäudereinigung Midi Beschäftigte
A7: 1. Fertigungslohn pro Stunde Mindestlohn | F7: 1
A8: 2. Lohngebundene Kosten
A9: ='Sozialversichungspfl. Besch.'!A7:D7 -> 2.1 Lohnfolgekosten (Soziallöhne)
A10: ='Sozialversichungspfl. Besch.'!A8:D8 -> 2.1 a) Urlaub | H10: =$H$7*F10 -> 0
A11: ='Sozialversichungspfl. Besch.'!A9 -> 2.1 ab) Sozialversicherung Urlaub | H11: =$H$7*F11 -> 0
A12: ='Sozialversichungspfl. Besch.'!A10:D10 -> 2.1 b) Zusätzliches Urlaubsgeld | H12: =$H$7*F12 -> 0
A13: ='Sozialversichungspfl. Besch.'!A11 -> 2.1 bb) Sozialversicherung auf zusätzl. Urlaubsgeld | H13: =$H$7*F13 -> 0
A14: ='Sozialversichungspfl. Besch.'!A12:D12 -> 2.1 c) Gesetzliche Feiertage | H14: =$H$7*F14 -> 0
A15: ='Sozialversichungspfl. Besch.'!A13 -> 2.1 cc) Sozialversicherung auf Feiertage | H15: =$H$7*F15 -> 0
A16: ='Sozialversichungspfl. Besch.'!A14:D14 -> 2.1 d) Gesetzliche Lohnfortzahlung im Krankheitsfall | H16: =$H$7*F16 -> 0
A17: ='Sozialversichungspfl. Besch.'!A15 -> 2.1 dd) Sozialversicherung auf Lohnfortzahlung | H17: =$H$7*F17 -> 0
A18: ='Sozialversichungspfl. Besch.'!A16:D16 -> 2.1 e) Tarifliche Ausfallzeiten | H18: =$H$7*F18 -> 0
A19: ='Sozialversichungspfl. Besch.'!A17 -> 2.1.ee) Sozialversicherung auf Ausfallzeiten | H19: =$H$7*F19 -> 0
A20: Zwischensumme Soziallöhne | F20: =SUM(F10:F19) -> 0 | H20: =SUM(H10:I19) -> 0
A21: ='Sozialversichungspfl. Besch.'!A19:D19 -> 2.2 Sozialversicherung Arbeitgeberanteil
A22: ='Sozialversichungspfl. Besch.'!A20:D20 -> 2.2 a i) Rentenversicherung | H22: =$H$7*F22 -> 0
A23: ='Sozialversichungspfl. Besch.'!A21 -> 2.2 b i Krankenversicherung | H23: =$H$7*F23 -> 0
A24: ='Sozialversichungspfl. Besch.'!A22:D22 -> 2.2 b ii) Zusatzbeitrag Krankenversicherung (Durchschnitt) | H24: =$H$7*F24 -> 0
A25: ='Sozialversichungspfl. Besch.'!A23:D23 -> 2.2 c i) Arbeitslosenversicherung | H25: =$H$7*F25 -> 0
A26: ='Sozialversichungspfl. Besch.'!A24:D24 -> 2.2 d i) Pflegeversicherung | H26: =$H$7*F26 -> 0
A27: ='Sozialversichungspfl. Besch.'!A25:D25 -> 2.2 e i) Umlage U2 Krankenversicherung Mutterschaft | H27: =$H$7*F27 -> 0
A28: ='Sozialversichungspfl. Besch.'!A26:D26 -> 2.2 f i) Insolvenzgeldumlage | H28: =$H$7*F28 -> 0
A29: ='Sozialversichungspfl. Besch.'!A27:D27 -> 2.2 g i) Gesetzliche Unfallversicherung | H29: =$H$7*F29 -> 0
A30: Zwischensumme Sozialversicherung | F30: =SUM(F22:F29) -> 0 | H30: =SUM(H22:I29) -> 0
A31: ='Sozialversichungspfl. Besch.'!A29:D29 -> 2.3) Zusätzliche auftragsbezogene, Lohngebundene Kosten
A32: ='Sozialversichungspfl. Besch.'!A30:D30 -> 2.3 Betriebshaftpflichtversicherung | H32: =$H$7*F32 -> 0
A33: ='Sozialversichungspfl. Besch.'!A31:D31 -> 2.4 Aufsichtslohn Vorarbeiter inkl. soziale Folgekosten | H33: =$H$7*F33 -> 0
A34: ='Sozialversichungspfl. Besch.'!A32:D32 -> 2.5 Sonstige Personalkosten (Arbeitskleidung etc.) | H34: =$H$7*F34 -> 0
A35: Zwischensumme Lohngebundene Kosten | F35: =SUM(F31:F34) -> 0 | H35: =H20+H30+SUM(H31:I34) -> 0
A37: 3. Sonstige auftragsbezogene Kosten
A38: ='Sozialversichungspfl. Besch.'!A36:D36 -> 3.1 a) Objektleiter inkl. soziale Folgekosten | H38: =$H$7*F38 -> 0
A39: ='Sozialversichungspfl. Besch.'!A37:D37 -> 3.1 b) Betriebsleiter inkl. soziale Folgekosten | H39: =$H$7*F39 -> 0
A40: 3.2 Fahrtkosten | H40: =$H$7*F40 -> 0
A41: ='Sozialversichungspfl. Besch.'!A39:D39 -> 3.3 Reinigungsmittel, Kleinmaterial | H41: =$H$7*F41 -> 0
A42: ='Sozialversichungspfl. Besch.'!A40:D40 -> 3.4 Sondereinzelkosten Mopwäsche | H42: =$H$7*F42 -> 0
A43: ='Sozialversichungspfl. Besch.'!A41:D41 -> 3.5 Maschinen und Geräte (AFA, Wartung, Betriebskosten) | H43: =$H$7*F43 -> 0
A44: ='Sozialversichungspfl. Besch.'!A42 -> 3.6 Kosten Schulung /Einarbeitung | H44: =$H$7*F44 -> 0
A45: ='Sozialversichungspfl. Besch.'!A43:D43 -> 3.7 Qualitätssicherung / - managment | H45: =$H$7*F45 -> 0
A46: Zwischensumme So. Auftragsbezogene Kosten | F46: =SUM(F38:F45) -> 0 | H46: =SUM(H38:I45) -> 0
A48: 4. Unternehmensbezogene Kosten
A49: ='Sozialversichungspfl. Besch.'!A47:D47 -> 4.1 Technische Angestellte incl. Lohnfolgekosten | H49: =$H$7*F49 -> 0
A50: ='Sozialversichungspfl. Besch.'!A48:D48 -> 4.2. Kaufmännische Angestelle, incl. Lohnfolgekosten | H50: =$H$7*F50 -> 0
A51: ='Sozialversichungspfl. Besch.'!A49:D49 -> 4.3 Fuhrparkkosten | H51: =$H$7*F51 -> 0
A52: ='Sozialversichungspfl. Besch.'!A50:D50 -> 4.4 Verwaltungskosten (Miete, Telefon usw.) | H52: =$H$7*F52 -> 0
A53: ='Sozialversichungspfl. Besch.'!A51:D51 -> 4.5 Schwerbehindertenabgabe | H53: =$H$7*F53 -> 0
A54: ='Sozialversichungspfl. Besch.'!A52:D52 -> 4.6 Betriebsratskosten | H54: =$H$7*F54 -> 0
A55: ='Sozialversichungspfl. Besch.'!A53:D53 -> 4.7 sonstige Kosten (Verbandsbeiträge, Zertifizierungen) | H55: =$H$7*F55 -> 0
A56: ='Sozialversichungspfl. Besch.'!A54:D54 -> 4.8 Vorfinanzierung Sozialversicherungsbeiträge | H56: =$H$7*F56 -> 0
A57: Zwischensumme Unternehmensbezogene Kosten | F57: =SUM(F49:F56) -> 0 | H57: =SUM(H49:I56) -> 0
A60: 5. Selbstkosten (Summe 1-4) | F60: =F7+F20+F30+F35+F46+F57 -> 1 | H60: =H7+H35+H46+H57 -> 0
A62: ='Sozialversichungspfl. Besch.'!A60 -> 5.1 Gewerbesteuer | H62: =$H$7*F62 -> 0
A63: 6. Gewinn und Steuern | H63: =$H$7*F63 -> 0
A66: Kalkulationszuschlag (Unternehmenszuschlag auf Fertigungslohn) | F66: =F60+F62+F63 -> 1 | H66: =H7*(F60+F62+F63)-H7 -> 0
A67: Stundenverrechnungssatz | F67: =H7+H66 -> 0 | H67: =H7+H66 -> 0 | K67: Prüfung Summe 100%
A68: Anteil Midi Beschäftigte an produktiven Stunden: | K68: =IF((H68+'Sozialversichungspfl. Besch.'!G66+'Geringfügig Beschäftigte'!H66)<>1,"Fehler: Summe ist nicht 100%","Summe ist korrekt") -> Fehler: Summe ist nicht 100%
A70: Resultierender Stundenverrechnungssatz | H70: =SUM(F67*H68+'Geringfügig Beschäftigte'!F65*'Geringfügig Beschäftigte'!H66+'Sozialversichungspfl. Besch.'!F65*'Sozialversichungspfl. Besch.'!G66) -> 0
A71: Sozialversicherungspflichtigte Beschäftigte, Midi Beschäftigte und Geringfügig Beschäftigte (Mischsatz)
A72: Dieser resultierender Stundenverrechnungssatz ist im Leistungsverzeichnis unter "Fragebogen 1: Mittellohn" einzutragen
A73: Stand 10_23

Sheet Geringfügig Beschäftigte
B1: Dieses Kalkulationsdatenblatt ist zwingend mit dem Angebot abzugeben!
A2: ='Sozialversichungspfl. Besch.'!A2 -> Ausschreibung: 25-2026-00363 | E2: ='Sozialversichungspfl. Besch.'!E2 -> KIZ 129
A3: Bieter: | F3: Datum:
A4: Stundenverrechnungssatz Gebäudereinigung Geringfügig Beschäftigte
A5: 1. Fertigungslohn pro Stunde Mindestlohn | F5: 1
A6: 2. Lohngebundene Kosten
A7: ='Sozialversichungspfl. Besch.'!A7:D7 -> 2.1 Lohnfolgekosten (Soziallöhne)
A8: ='Sozialversichungspfl. Besch.'!A8:D8 -> 2.1 a) Urlaub | H8: =$H$5*F8 -> 0
A9: ='Sozialversichungspfl. Besch.'!A9:D9 -> 2.1 ab) Sozialversicherung Urlaub | H9: =$H$5*F9 -> 0
A10: ='Sozialversichungspfl. Besch.'!A10:D10 -> 2.1 b) Zusätzliches Urlaubsgeld | H10: =$H$5*F10 -> 0
A11: ='Sozialversichungspfl. Besch.'!A11 -> 2.1 bb) Sozialversicherung auf zusätzl. Urlaubsgeld | H11: =$H$5*F11 -> 0
A12: ='Sozialversichungspfl. Besch.'!A12:D12 -> 2.1 c) Gesetzliche Feiertage | H12: =$H$5*F12 -> 0
A13: ='Sozialversichungspfl. Besch.'!A13 -> 2.1 cc) Sozialversicherung auf Feiertage | H13: =$H$5*F13 -> 0
A14: ='Sozialversichungspfl. Besch.'!A14:D14 -> 2.1 d) Gesetzliche Lohnfortzahlung im Krankheitsfall | H14: =$H$5*F14 -> 0
A15: ='Sozialversichungspfl. Besch.'!A15 -> 2.1 dd) Sozialversicherung auf Lohnfortzahlung | H15: =$H$5*F15 -> 0
A16: ='Sozialversichungspfl. Besch.'!A16:D16 -> 2.1 e) Tarifliche Ausfallzeiten | H16: =$H$5*F16 -> 0
A17: ='Sozialversichungspfl. Besch.'!A17 -> 2.1.ee) Sozialversicherung auf Ausfallzeiten | H17: =$H$5*F17 -> 0
A18: Zwischensumme Soziallöhne | F18: =SUM(F8:F17) -> 0 | H18: =SUM(H8:I17) -> 0
A19: ='Sozialversichungspfl. Besch.'!A19:D19 -> 2.2 Sozialversicherung Arbeitgeberanteil
A20: ='Sozialversichungspfl. Besch.'!A20:D20 -> 2.2 a i) Rentenversicherung | H20: =$H$5*F20 -> 0
A21: ='Sozialversichungspfl. Besch.'!A21 -> 2.2 b i Krankenversicherung | H21: =$H$5*F21 -> 0
A22: ='Sozialversichungspfl. Besch.'!A25:D25 -> 2.2 e i) Umlage U2 Krankenversicherung Mutterschaft | H22: =$H$5*F22 -> 0
A23: ='Sozialversichungspfl. Besch.'!A26:D26 -> 2.2 f i) Insolvenzgeldumlage | H23: =$H$5*F23 -> 0
A24: ='Sozialversichungspfl. Besch.'!A27:D27 -> 2.2 g i) Gesetzliche Unfallversicherung | H24: =$H$5*F24 -> 0
A25: 2.2 h i) Einheitliche Pauschalsteuer | H25: =$H$5*F25 -> 0
A26: 2.2 h ii) Einheitliche Pauschalsteuer auf Soziallohn | H26: =$H$5*F26 -> 0
A27: Zwischensumme Sozialversicherung | F27: =SUM(F20:F26) -> 0 | H27: =SUM(H20:I26) -> 0
A29: ='Sozialversichungspfl. Besch.'!A29:D29 -> 2.3) Zusätzliche auftragsbezogene, Lohngebundene Kosten
A30: ='Sozialversichungspfl. Besch.'!A30:D30 -> 2.3 Betriebshaftpflichtversicherung | H30: =$H$5*F30 -> 0
A31: ='Sozialversichungspfl. Besch.'!A31:D31 -> 2.4 Aufsichtslohn Vorarbeiter inkl. soziale Folgekosten | H31: =$H$5*F31 -> 0
A32: ='Sozialversichungspfl. Besch.'!A32:D32 -> 2.5 Sonstige Personalkosten (Arbeitskleidung etc.) | H32: =$H$5*F32 -> 0
A33: Zwischensumme Lohngebundene Kosten | F33: =SUM(F29:F32) -> 0 | H33: =H18+H27+SUM(H29:I32) -> 0
A35: 3. Sonstige auftragsbezogene Kosten
A36: ='Sozialversichungspfl. Besch.'!A36:D36 -> 3.1 a) Objektleiter inkl. soziale Folgekosten | H36: =$H$5*F36 -> 0
A37: ='Sozialversichungspfl. Besch.'!A37:D37 -> 3.1 b) Betriebsleiter inkl. soziale Folgekosten | H37: =$H$5*F37 -> 0
A38: ='Sozialversichungspfl. Besch.'!A38 -> 3.2) Fahrtkostenzuschuss | H38: =$H$5*F38 -> 0
A39: ='Sozialversichungspfl. Besch.'!A39:D39 -> 3.3 Reinigungsmittel, Kleinmaterial | H39: =$H$5*F39 -> 0
A40: ='Sozialversichungspfl. Besch.'!A40:D40 -> 3.4 Sondereinzelkosten Mopwäsche | H40: =$H$5*F40 -> 0
A41: ='Sozialversichungspfl. Besch.'!A41:D41 -> 3.5 Maschinen und Geräte (AFA, Wartung, Betriebskosten) | H41: =$H$5*F41 -> 0
A42: ='Sozialversichungspfl. Besch.'!A42 -> 3.6 Kosten Schulung /Einarbeitung | H42: =$H$5*F42 -> 0
A43: ='Sozialversichungspfl. Besch.'!A43:D43 -> 3.7 Qualitätssicherung / - managment | H43: =$H$5*F43 -> 0
A44: Zwischensumme So. Auftragsbezogene Kosten | F44: =SUM(F36:F43) -> 0 | H44: =SUM(H36:I43) -> 0
A46: 4. Unternehmensbezogene Kosten
A47: ='Sozialversichungspfl. Besch.'!A47:D47 -> 4.1 Technische Angestellte incl. Lohnfolgekosten | H47: =$H$5*F47 -> 0
A48: ='Sozialversichungspfl. Besch.'!A48:D48 -> 4.2. Kaufmännische Angestelle, incl. Lohnfolgekosten | H48: =$H$5*F48 -> 0
A49: ='Sozialversichungspfl. Besch.'!A49:D49 -> 4.3 Fuhrparkkosten | H49: =$H$5*F49 -> 0
A50: ='Sozialversichungspfl. Besch.'!A50:D50 -> 4.4 Verwaltungskosten (Miete, Telefon usw.) | H50: =$H$5*F50 -> 0
A51: ='Sozialversichungspfl. Besch.'!A51:D51 -> 4.5 Schwerbehindertenabgabe | H51: =$H$5*F51 -> 0
A52: ='Sozialversichungspfl. Besch.'!A52:D52 -> 4.6 Betriebsratskosten | H52: =$H$5*F52 -> 0
A53: ='Sozialversichungspfl. Besch.'!A53:D53 -> 4.7 sonstige Kosten (Verbandsbeiträge, Zertifizierungen) | H53: =$H$5*F53 -> 0
A54: ='Sozialversichungspfl. Besch.'!A54:D54 -> 4.8 Vorfinanzierung Sozialversicherungsbeiträge | H54: =$H$5*F54 -> 0
A55: Zwischensumme Unternehmensbezogene Kosten | F55: =SUM(F47:F54) -> 0 | H55: =SUM(H47:I54) -> 0
A58: 5. Selbstkosten (Summe 1-4) | F58: =F5+F18+F27+F33+F44+F55 -> 1 | H58: =H5+H33+H44+H55 -> 0
A60: ='Sozialversichungspfl. Besch.'!A60 -> 5.1 Gewerbesteuer | H60: =$H$5*F60 -> 0
A61: 6. Gewinn und Steuern | H61: =$H$5*F61 -> 0
A64: Kalkulationszuschlag (Unternehmenszuschlag auf Fertigungslohn) | F64: =F58+F60+F61 -> 1 | H64: =H5*(F58+F60+F61)-H5 -> 0
A65: Stundenverrechnungssatz | F65: =H5+H64 -> 0 | H65: =H5+H64 -> 0
A66: Anteil Geringfügig Beschäftigte an produktiven Stunden:
K67: Prüfung Summe 100%
A68: Resultierender Stundenverrechnungssatz Sozialversicherungspflichtigte Beschäftigte, | H68: =SUM(F65*H66+'Sozialversichungspfl. Besch.'!F65*'Sozialversichungspfl. Besch.'!G66+'Midi Beschäftigte'!F67*'Midi Beschäftigte'!H68) -> 0 | K68: =IF((H66+'Midi Beschäftigte'!H68+'Sozialversichungspfl. Besch.'!G66)<>1,"Fehler: Summe ist nicht 100%","Summe ist korrekt") -> Fehler: Summe ist nicht 100%
A69: Midi Beschäftigte und Geringfügig Beschäftigte (Mischsatz)
A70: Dieser resultierender Stundenverrechnungssatz ist im Leistungsverzeichnis unter "Fragebogen 1: Mittellohn" einzutragen
A71: Stand 10_23
